 Dungeon Sprint DCSS version 0.19-a0-1608-g4cf22de (webtiles) character file.

5413 poirepourri the Imperceptible (level 10, -3/49 HPs)
             Began as a Spriggan Enchanter on Sept 17, 2016.
             Was a High Priest of Dithmenos.
             Slain by a spriggan defender
             ... wielding a +2 antimagic flail
              (29 damage)
             ... in the Dungeon (Sprint IV: "Fedhas' Mad Dash").
             The game lasted 00:04:52 (2264 turns).

poirepourri the Imperceptible (Spriggan Enchanter)  Turns: 2264, Time: 00:04:53

Health: -3/49      AC:  3    Str:  4    XL:     10   Next: 40%
Magic:  12/26      EV: 26    Int: 17    God:    Dithmenos [*****.]
Gold:   99         SH:  0    Dex: 20    Spells: 5 memorised, 20 levels left

rFire  . . .     SeeInvis +     k - +1 rapier
rCold  . . .     Gourm    .     b - +1 robe
rNeg   . . .     Faith    .     (shield restricted)
rPois  .         Spirit   .     (helmet restricted)
rElec  .         Dismiss  .     (no cloak)
rCorr  .         Reflect  .     (gloves unavailable)
MR     +....     Harm     .     (boots unavailable)
Stlth  ++++++++++ NoTele   +    i - amulet of invisibility {+Inv}
                                (no ring)
                                n - ring of stealth

@: wreathed by umbra, very quick
A: unfitting armour, see invisible, herbivore 3, speed 3, slow metabolism 2
a: Shadow Step, Shadow Form, Renounce Religion, Evoke Invisibility


You were in the Dungeon.
You worshipped Dithmenos.
Dithmenos was extremely pleased with you.
You were full.

You visited 1 branch You collected 244 gold pieces.
You spent 145 gold pieces at shops.

Inventory:

Hand Weapons
 a - a +1 dagger
 k - a +1 rapier (weapon)
Missiles
 l - 6 poisoned needles
Armour
 b - a +1 robe (worn)
 m - a +0 buckler
Jewellery
 i - the amulet of invisibility (around neck) {+Inv}
   (You found it in the Dungeon)

   [amulet of nothing]

   It lets you turn invisible.
 n - a ring of stealth (left hand)
Potions
 e - 3 potions of curing
 g - a potion of haste
 h - 2 potions of magic
Books
 c - a book of Maledictions

   Spells                             Type                      Level
   a - Corona                         Hexes                        1
   b - Ensorcelled Hibernation        Hexes/Ice                    2
   c - Confuse                        Hexes                        3
   d - Tukima's Dance                 Hexes                        3
   e - Dazzling Spray                 Conjuration/Hexes            3
 r - a book of Air

   Spells                             Type                      Level
   a - Shock                          Conjuration/Air              1
   b - Swiftness                      Charms/Air                   2
   c - Repel Missiles                 Charms/Air                   2
   d - Static Discharge               Conjuration/Air              3
   e - Lightning Bolt                 Conjuration/Air              5
Comestibles
 o - 3 royal jellies


   Skills:
 + Level 3.5 Fighting
 + Level 9.9 Short Blades
 + Level 9.7 Dodging
 + Level 23.2 Stealth
 + Level 11.6 Spellcasting
 + Level 11.6 Hexes
 - Level 2.1 Ice Magic
 + Level 1.5 Invocations
 + Level 3.9 Evocations


You had 20 spell levels left.
You knew the following spells:

 Your Spells              Type           Power        Failure   Level  Hunger
a - Corona                Hex            #####..      1%          1    None
b - Ensorcelled Hibernat  Hex/Ice        ####..       1%          2    None
c - Confuse               Hex            #####...     1%          3    None
d - Tukima's Dance        Hex            #####...     1%          3    None
e - Dazzling Spray        Conj/Hex       ####..       1%          3    None


Dungeon Overview and Level Annotations

Branches:
Dungeon (1/1)

Altars:
Cheibriados
Dithmenos
Elyvilon
Gozag
Hepliaklqana
Kikubaaqudgha
Makhleb
Nemelex Xobeh
Okawaru
Qazlal
Ru
Sif Muna
Trog
Uskayaw
Vehumet
Xom
Yredelemnul
Zin
The Shining One
Beogh
Jiyva
Lugonu

Shops:
D }:}(**


Innate Abilities, Weirdness & Mutations

You are tiny and cannot use many weapons and most armour.
You have supernaturally acute eyesight. (SInv)
You are a herbivore.
You cover ground extremely quickly.
You need consume almost no food.


Message History

Confirm with . or Enter, or press ? or * to list all spells.
Aiming: Dazzling Spray
Press: ? - help, Shift-Dir - straight line, f - spriggan defender
Aim: a spriggan defender, wielding an antimagic flail, wearing a robe and wearing a buckler (hasn't noticed you, umbra)
The spray of energy hits the spriggan defender.
The spriggan defender is lightly wounded.
The spriggan defender shouts!
The spriggan defender is dazzled.
The spriggan defender hits you but does no damage.
You catch the helpless spriggan defender completely off-guard!
You skewer the spriggan defender like a kebab!!!
The spriggan defender is severely wounded.
The spriggan defender hits you with an antimagic flail!
You feel your power leaking away.
You miss the spriggan defender.
The spriggan defender is severely wounded.
There is an open door, spattered with blood here.
The spriggan defender hits you with an antimagic flail!!
Ouch! That really hurt!
You die...

####################
#<..P#.....#.....#.⌠
#PP..'.....†.#...'..
#PPPP#.....#.#...#..
###############'##..
#...♣........'...#.⌠
#...i..♣.....#...###
#..@..♣..♣..######♣♣
##'####+######.)+...
#..#....'.......#♣..
#..#.)###.......#.♣♣
#######*##########*#
*,,,,,,,,,,,,,,,,,,,
*∩,,,,,,,,,,,,,,,,,,
*∩,,,,,,,,,,,,,,,,,,
*∩,,,,,,,,,,,,,,,,,,


You could see a spriggan defender (blind).

Vanquished Creatures
  Agnes (D)
  A spriggan berserker (D)
  A spriggan druid (D)
  3 oklob plants (D)
  3 burning bushes (D)
  A queen bee (D)
  3 wandering mushrooms (D)
  2 scorpions (D)
  4 killer bees (D)
  5 oklob saplings (D)
  A worker ant (D)
  2 spriggans (D)
  A river rat (D)
  A rat (D)
  A ballistomycete (D)
  A ballistomycete spore (D)
31 creatures vanquished.

Notes
Turn   | Place    | Note
-------+----------+-------------------------------------------
     0 | D        | poirepourri the Spriggan Enchanter began the quest for the Orb.
     0 | D        | Reached XP level 1. HP: 9/9 MP: 5/5
    11 | D        | Reached skill level 7 in Stealth
    11 | D        | Reached XP level 2. HP: 13/13 MP: 4/6
   163 | D        | Noticed an oklob sapling
   165 | D        | Killed an oklob sapling
   165 | D        | Reached skill level 5 in Dodging
   165 | D        | Reached skill level 9 in Stealth
   165 | D        | Reached XP level 3. HP: 16/16 MP: 8/8
   169 | D        | Learned a level 2 spell: Ensorcelled Hibernation
   173 | D        | Learned a level 3 spell: Confuse
   177 | D        | Reached skill level 10 in Stealth
   197 | D        | Noticed an oklob sapling
   200 | D        | Killed an oklob sapling
   200 | D        | Reached skill level 11 in Stealth
   200 | D        | Reached XP level 4. HP: 21/21 MP: 9/9
   213 | D        | Found an opulent altar of Gozag.
   213 | D        | Found a hazy altar of Hepliaklqana.
   213 | D        | Found a burning altar of Makhleb.
   213 | D        | Found a roughly hewn altar of Beogh.
   213 | D        | Found a sparkling altar of Nemelex Xobeh.
   213 | D        | Found a snail-covered altar of Cheibriados.
   213 | D        | Found a sacrificial altar of Ru.
   213 | D        | Found a deep blue altar of Sif Muna.
   213 | D        | Found a shimmering altar of Xom.
   213 | D        | Found a basalt altar of Yredelemnul.
   214 | D        | Found a viscous altar of Jiyva.
   214 | D        | Found a bloodstained altar of Trog.
   215 | D        | Found an iron altar of Okawaru.
   215 | D        | Found a shadowy altar of Dithmenos.
   215 | D        | Found a glowing silver altar of Zin.
   216 | D        | Found a hide-covered altar of Uskayaw.
   216 | D        | Found an ancient bone altar of Kikubaaqudgha.
   217 | D        | Found a stormy altar of Qazlal.
   217 | D        | Found a glowing golden altar of the Shining One.
   217 | D        | Found a white marble altar of Elyvilon.
   218 | D        | Found a radiant altar of Vehumet.
   218 | D        | Found a corrupted altar of Lugonu.
   225 | D        | Reached skill level 13 in Stealth
   230 | D        | Became a worshipper of Dithmenos the Shadowed
   258 | D        | Reached XP level 5. HP: 24/24 MP: 10/10
   271 | D        | Learned a level 3 spell: Tukima's Dance
   275 | D        | Reached skill level 14 in Stealth
   275 | D        | Reached skill level 5 in Hexes
   276 | D        | Reached * piety under Dithmenos
   292 | D        | Found Ginureur's Book Shop.
   292 | D        | Found Hesit's Gadget Emporium.
   299 | D        | Noticed a burning bush
   299 | D        | Noticed a wandering mushroom
   300 | D        | Noticed a wandering mushroom
   303 | D        | Killed a burning bush
   303 | D        | Reached ** piety under Dithmenos
   303 | D        | Reached skill level 16 in Stealth
   303 | D        | Reached skill level 5 in Spellcasting
   303 | D        | Reached XP level 6. HP: 29/29 MP: 12/15
   304 | D        | Reached XP level 7. HP: 32/32 MP: 12/16
   305 | D        | Killed a wandering mushroom
   305 | D        | Reached skill level 17 in Stealth
   342 | D        | Killed a wandering mushroom
   342 | D        | Reached skill level 1 in Fighting
   342 | D        | Reached skill level 18 in Stealth
   624 | D        | Learned a level 3 spell: Dazzling Spray
   625 | D        | Found Xerecin's Assorted Antiques.
   625 | D        | Found Hubymief's Assorted Antiques.
   639 | D        | Bought a cabochon ring for 145 gold pieces
   677 | D        | Noticed a queen bee
   682 | D        | Killed a queen bee
   682 | D        | Reached skill level 5 in Short Blades
   682 | D        | Reached XP level 8. HP: 37/37 MP: 14/19
   703 | D        | Reached *** piety under Dithmenos
   703 | D        | Reached skill level 19 in Stealth
   775 | D        | Noticed an oklob plant
   785 | D        | Killed an oklob plant
   785 | D        | Reached **** piety under Dithmenos
   915 | D        | Noticed a burning bush
   926 | D        | Killed a burning bush
   926 | D        | Reached skill level 20 in Stealth
   926 | D        | Reached skill level 10 in Hexes
  1203 | D        | Noticed a burning bush
  1203 | D        | Noticed an oklob plant
  1204 | D        | Noticed a wandering mushroom
  1455 | D        | Killed a burning bush
  1455 | D        | Reached skill level 1 in Evocations
  1455 | D        | Reached XP level 9. HP: 33/42 MP: 19/23
  1464 | D        | Killed an oklob plant
  1464 | D        | Reached skill level 10 in Spellcasting
  1473 | D        | Reached ***** piety under Dithmenos
  1604 | D        | Noticed a spriggan druid
  1606 | D        | Killed a spriggan druid
  1606 | D        | Reached skill level 21 in Stealth
  1624 | D        | Noticed an oklob plant conjurer
  1633 | D        | Killed an oklob plant conjurer
  1978 | D        | Noticed Agnes
  1980 | D        | Found Wamn's Gadget Emporium.
  1980 | D        | Found Icsyamn's Antique Weapon Shoppe.
  1981 | D        | Killed Agnes
  1981 | D        | Reached skill level 22 in Stealth
  1981 | D        | Reached skill level 1 in Invocations
  1981 | D        | Reached XP level 10. HP: 49/49 MP: 20/26
  1983 | D        | Noticed a spriggan berserker
  1985 | D        | Killed a spriggan berserker
  1985 | D        | Reached skill level 23 in Stealth
  1992 | D        | Noticed a spriggan defender
  2000 | D        | HP: 1/49 [spriggan defender/antimagic flail (28)]
  2264 | D        | Slain by a spriggan defender

Vault maps used:
D:        dungeon_sprint_fedhas

Skill      XL: |  1  2  3  4  5  6  7  8  9 10 |
---------------+-------------------------------+-----
Stealth        | 7 9 11 13 16 18 20 22 23 | 23.2
Short Blades   | 2 3 4 5 6 9 |  9.9
Dodging        | 5 6 7 8 9 |  9.7
Spellcasting   | 3 5 7 9 11 | 11.6
Hexes          | 4 7 8 9 10 11 | 11.6
Fighting       | 1 3 |  3.5
Ice Magic      | 2 |  2.1
Evocations     | 1 3 |  3.9
Invocations    | 1 |  1.5

Action                   |  1- 3 |  4- 6 |  7- 9 | 10-12 || total
-------------------------+-------+-------+-------+-------++-------
Melee: Dagger            |     8 |     8 |       |       ||    16
       Rapier            |       |     2 |    72 |     3 ||    77
 Cast: Corona            |     1 |       |       |       ||     1
       Confuse           |       |     1 |    12 |     1 ||    14
       Ensorcelled Hiber |       |       |     9 |     1 ||    10
       Dazzling Spray    |       |       |       |     1 ||     1
Invok: Shadow Step       |       |       |     3 |       ||     3
 Abil: Evoke Invisibilit |       |       |     1 |       ||     1
  Use: Potion            |     1 |       |       |     1 ||     2
       Scroll            |       |     1 |     3 |     1 ||     5
 Stab: Sleeping          |     3 |     6 |    10 |     1 ||    20
       Confused          |       |     1 |    12 |       ||    13
       Invisible         |       |       |     1 |     1 ||     2
  Eat: Bread ration      |       |       |     1 |       ||     1
Armor: Robe              |       |       |     1 |     1 ||     2
Dodge: Dodged            |     6 |     1 |    34 |       ||    41
